 Dungeon Crawl Stone Soup version 0.27-a0-1186-g8b4daa1eef (webtiles) character file.

Game seed: 13164197774514368148

10 siradein the Skirmisher (level 2, 0/24 HPs)
             Began as a Demonspawn Fighter on May 20, 2021.
             Slain by a gnoll
             ... wielding a +0 spear
              (2 damage)
             ... on level 1 of the Dungeon.
             The game lasted 00:01:33 (509 turns).

siradein the Skirmisher (Demonspawn Fighter)         Turns: 509, Time: 00:01:33

Health: 0/24       AC:  7    Str: 16    XL:     2   Next: 10%
Magic:  2/2        EV:  6    Int:  9    God:
Gold:   30         SH:  8    Dex: 12    Spells: 1/1 levels left

rFire    . . .     SeeInvis .   a - +0 trident
rCold    . . .     Faith    .   c - +0 kite shield
rNeg     . . .     Spirit   .   b - +0 scale mail
rPois    .         Reflect  .   (no helmet)
rElec    .         Harm     .   (no cloak)
rCorr    .         Rampage  .   (no gloves)
Will     .....                  (no boots)
Stlth    ..........             (no amulet)
HPRegen  0.08/turn              (no ring)
MPRegen  0.08/turn              (no ring)

@: no status effects
A: rugged brown scales 1
a: no special abilities


You were on level 1 of the Dungeon.
You visited 1 branch of the dungeon, and saw 1 of its levels.

You collected 30 gold pieces.

Inventory:

Hand Weapons
 a - a +0 trident (weapon)
Armour
 b - a +0 scale mail (worn)
 c - a +0 kite shield (worn)
Potions
 d - a potion of might
 e - a potion of heal wounds {unknown}


   Skills:
 - Level 3.0 Fighting
 + Level 2.5 Polearms
 - Level 2.6 Armour
 - Level 2.6 Shields


You had one spell level left.
You didn't know any spells.
Your spell library was empty.

Dungeon Overview and Level Annotations

Branches:
Dungeon (1/15)

Altars:


Innate Abilities, Weirdness & Mutations

You are partially covered in rugged brown scales. (AC +1, +3% HP)


Message History

You are frozen.
You hit the endoplasm.
You kill the endoplasm!
The gnoll barely misses you.
You reach to attack!
You closely miss the gnoll. The gnoll hits you but does no damage.
The gnoll closely misses you.
You reach to attack!
You hit the gnoll.
The gnoll is heavily wounded.
The gnoll hits you from afar with a +0 spear.
You reach to attack!
You closely miss the gnoll.
The gnoll is heavily wounded.
The gnoll barely misses you.
The gnoll hits you from afar with a +0 spear.
You reach to attack!
You hit the gnoll.
The gnoll is severely wounded.
The gnoll hits you from afar with a +0 spear.
You are too injured to fight recklessly!
You are too injured to fight recklessly!
You are too injured to fight recklessly!
Reach: a) +0 trident
Press: ? - help, Dir - move target, f/p - gnoll
Aim: a gnoll, wielding a +0 spear (severely wounded, about 39% to evade your +0 trident)
You reach to attack!
You barely miss the gnoll.
The gnoll is severely wounded.
The gnoll hits you but does no damage. x2
Reach: a) +0 trident
Press: ? - help, Dir - move target, f/p - gnoll
Aim: a gnoll, wielding a +0 spear (severely wounded, about 40% to evade your +0 trident)
You reach to attack!
You closely miss the gnoll.
The gnoll is severely wounded.
The gnoll hits you from afar with a +0 spear.
Reach: a) +0 trident
Press: ? - help, Dir - move target, f/p - gnoll
Aim: a gnoll, wielding a +0 spear (severely wounded, about 40% to evade your +0 trident)
You reach to attack!
You hit the gnoll.
The gnoll is almost dead.
The gnoll hits you from afar with a +0 spear!
* * * LOW HITPOINT WARNING * * *
The gnoll hits you from afar with a +0 spear.
You die...

###.#.###.##..#
##.##.#..#.##.#
#..#.##..##...#
#.#≈# #....####
##§≈# #....####
##
####§#.######.≈.#
##.. #...###..
#...# .J.
#.##..#### #..≈#
..##(. #@#####
#.>.# .#....###.#
########.≈≈#
#....g..g.#
...........#
#.....#.###
##.#######.##
##... #.# ##.#
..#. #?# ##. ...
... ###### .. #.#
....... . #.#
....###


You could see a gnoll.

Vanquished Creatures
  A worm (D:1)
  2 endoplasms (D:1)
  2 hobgoblins (D:1)
  A ball python (D:1)
  A kobold (D:1)
7 creatures vanquished.

Notes
Turn   | Place    | Note
-------+----------+-------------------------------------------
     0 | D:1      | siradein the Demonspawn Fighter began the quest for the
                  | Orb.
     0 | D:1      | Reached XP level 1. HP: 18/18 MP: 1/1
   359 | D:1      | Gained mutation: You are partially covered in rugged brown
                  | scales. (AC +1, +3% HP) [demonic ancestry]
   359 | D:1      | Reached XP level 2. HP: 18/24 MP: 2/2
   509 | D:1      | Slain by a gnoll

Illustrated notes

Levels and vault maps discovered:
D:1:      dpeg_arrival_brainrot, layout_loops_ring, minmay_misc_feat_chi

Skill      XL: |  1 |
---------------+----+-----
Polearms       | 2 |  2.5
Fighting       | |  3.0
Armour         | |  2.6
Shields        | |  2.6

Action                   || total
-------------------------++-------
Melee: Trident           ||    33
Armor: Scale mail        ||     4
Dodge: Dodged            ||     7
Block: Kite shield       ||     6

Table legend: (Time is in decaauts)
 A = Elapsed time spent in this place.
 B = Non-inter-level travel time spent in this place.
 C = Inter-level travel time spent in this place.
 D = Time resting spent in this place.
 E = Time spent auto-exploring this place.
 F = Levels seen in this place.
 G = Mean time per level.
                   A        B        C        D        E       F      G
               +--------+--------+--------+--------+--------+-----+--------+
         Total |    523 |    523 |      0 |      0 |    446 |   1 |  523.0 |
       Dungeon |    523 |    523 |      0 |      0 |    446 |   1 |  523.0 |
               +--------+--------+--------+--------+--------+-----+--------+

Top non-repeatable levels by time:
     D:1: 523 daAuts
